 Dungeon Crawl Stone Soup version 0.26-a0-365-g11c2b62 (webtiles) character file.

Game seed: 9955953649037289067

352 Minkie the Sneak (level 6, -7/35 HPs)
             Began as a Vampire Enchanter on July 19, 2020.
             Mangled by a wight
             ... wielding a +0 spear
              (9 damage)
             ... on level 4 of the Dungeon.
             The game lasted 00:20:24 (3429 turns).

Minkie the Sneak (Vampire Enchanter)                Turns: 3429, Time: 00:20:24

Health: -7/35      AC:  0    Str:  3 (7)  XL:     6   Next: 34%
Magic:  1/10       EV: 22    Int: 15 (18) God:
Gold:   159        SH:  0    Dex: 17 (21) Spells: 2/11 levels left

rFire    . . .     SeeInvis +   (weapon currently unavailable)
rCold    + + .     Faith    .   (shield currently unavailable)
rNeg     + + +     Spirit   .   (armour currently unavailable)
rPois    ∞         Reflect  .   (helmet currently unavailable)
rElec    .         Harm     .   (cloak currently unavailable)
rCorr    .                      (gloves currently unavailable)
MR       .....                  (boots currently unavailable)
Stlth    +++++.....             h - amulet of the acrobat
HPRegen  0.00/turn              (ring currently unavailable)
MPRegen  0.12/turn              (ring currently unavailable)

@: bat-form, flying, bloodless, very quick
A: tiny, fangs 3, see invisible
a: Revivify, End Transformation


You were on level 4 of the Dungeon.
You were in vampire-bat-form.
You visited 1 branch of the dungeon, and saw 4 of its levels.

You collected 159 gold pieces.

Inventory:

Hand Weapons
 a - a +1 dagger (melded)
Missiles
 p - 3 atropa-tipped darts (quivered)
Armour
 b - a +0 robe (melded)
 q - a +1 leather armour of fire resistance
Jewellery
 h - an amulet of the acrobat (around neck)
 j - a +6 ring of intelligence (melded)
 w - a ring of stealth (melded)
Wands
 l - a wand of polymorph (8)
 u - a wand of digging (7)
 v - a wand of flame (12)
Scrolls
 c - 3 scrolls of remove curse {unknown}
 e - 2 scrolls of teleportation {unknown}
 g - a scroll of magic mapping {unknown}
 k - a scroll of noise {unknown}
 n - a scroll of enchant armour {unknown}
 s - a scroll of blinking {unknown}
Potions
 d - a potion of flight {unknown}
 f - a potion of lignification {unknown}
 i - 2 potions of brilliance {unknown}
 m - a potion of might {unknown}
 o - a potion of curing {unknown}
 r - a potion of haste {unknown}
 t - a potion of magic {unknown}


   Skills:
 + Level 1.7 Fighting
 - Level 2.0 Short Blades
 + Level 3.8 Dodging
 + Level 6.2 Stealth
 + Level 3.1 Spellcasting
 + Level 5.9 Hexes
 - Level 1.0 Ice Magic


You had 2 spell levels left.
You knew the following spells:

 Your Spells              Type           Power        Failure   Level
a - Corona                Hex            ###....      1%          1
b - Ensorcelled Hibernat  Hex/Ice        ##....       7%          2
c - Confusing Touch       Hex            ###.....     5%          3
d - Tukima's Dance        Hex            ###.....     5%          3

Your spell library contained the following spells:

 Spells                   Type           Power        Failure   Level
 Dazzling Flash           Conj/Hex       ##....       17%         3


Dungeon Overview and Level Annotations

Branches:
Dungeon (4/15)
 Temple: D:4-7

Altars:
Trog

Annotations:
D:3 Ijyb
D:4 Pikel


Innate Abilities, Weirdness & Mutations

You do not regenerate when monsters are visible.
You are frail without blood (-20% HP).
You can heal yourself when you bite living creatures.
You are immune to poison.
You have razor-sharp teeth.
You have supernaturally acute eyesight. (SInv)
((You can survive without breathing.))


Message History

The orc priest barely misses you. Ijyb barely misses you.
You climb upwards.
There is a stone staircase leading down here.
You turn into a vampire bat.
Your +1 dagger melds into your body.
Your +0 robe melds into your body.
Your +6 ring of intelligence melds into your body.
Your ring of stealth melds into your body.
You feel stupid.
You feel weakened.
You feel dopey.
You feel clumsy. The orc priest hits you.
Things that are here:
a +0 ring mail; a +0 war axe; an orc corpse The orc priest calls down the wrath of Beogh upon you.
Beogh smites you!
* * * LOW HITPOINT WARNING * * *
There is a stone staircase leading down here.
You fly downwards.
Level annotation: Pikel 2 wights come into view.
The wight misses you. The wight hits you with a +0 spear!
You die...

.#..# ...##
...# ### .)##
$.. .## ..# ###
###.### ..#
#z..z.# #.#
####.z.z.###.#
..#
##.....bz.....#
#.#
#.........#####
#.# #..)......#
#.# #.....#####
#.# #....# #.#
#.#.# #.# # #.#
#.########.#.#
#..........#.#


You could see 5 wights.

Vanquished Creatures
  4 orc priests
  Natasha (thrice) (D:2)
  7 adders
  2 oozes (D:2)
  A worm (D:3)
  A dart slug (D:2)
  A leopard gecko (D:4)
  11 orcs
  13 bats
  2 giant cockroaches
  8 goblins
  8 hobgoblins
  2 jackals
  7 kobolds
  A ball python (D:1)
  7 frilled lizards
  6 rats
84 creatures vanquished.

Notes
Turn   | Place    | Note
-------+----------+-------------------------------------------
     0 | D:1      | Minkie the Vampire Enchanter began the quest for the Orb.
     0 | D:1      | Reached XP level 1. HP: 13/13 MP: 3/3
   175 | D:1      | Reached XP level 2. HP: 19/19 MP: 5/5
   179 | D:1      | Learned a level 2 spell: Ensorcelled Hibernation
   607 | D:1      | Reached XP level 3. HP: 24/24 MP: 3/6
  1037 | D:2      | Found a bloodstained altar of Trog.
  1258 | D:1      | Reached skill level 5 in Stealth
  1363 | D:2      | Reached skill level 5 in Hexes
  1363 | D:2      | Reached skill level 1 in Ice Magic
  1363 | D:2      | Reached XP level 4. HP: 30/30 MP: 4/7
  1431 | D:2      | Noticed Natasha
  1442 | D:2      | Killed Natasha
  1494 | D:2      | Noticed Natasha
  1535 | D:2      | Killed Natasha
  1601 | D:2      | Reached XP level 5. HP: 35/36 MP: 5/8
  1678 | D:2      | Noticed Natasha
  1682 | D:2      | Killed Natasha
  1682 | D:2      | Reached skill level 1 in Fighting
  2419 | D:3      | You fall into a shaft and drop 1 floor!
  2423 | D:4      | Noticed a crocodile
  2961 | D:3      | Learned a level 3 spell: Confusing Touch
  2965 | D:3      | Learned a level 3 spell: Tukima's Dance
  3022 | D:3      | Reached skill level 6 in Stealth
  3209 | D:3      | Reached XP level 6. HP: 34/34 MP: 5/10
  3281 | D:4      | Noticed Pikel
  3291 | D:4      | Noticed Ijyb
  3429 | D:4      | Mangled by a wight

Illustrated notes

Levels and vault maps discovered:
D:1:      onia_arrival_pyramid, layout_loops_ring, minmay_pentomino_p4
D:2:      minmay_wonky_spiral, layout_loops_cross, minmay_misc_feat_columns,
          bloody_trog, uniq_natasha
D:3:      layout_basic
D:4:      wander_river, layout_loops_ring,
          chequers_temple_overflow_statue_of_worship, minitemple,
          hangedman_decor_slide_cut, minmay_manual_monstrance, uniq_pikel,
          uniq_ijyb

Skill      XL: |  1  2  3  4  5 |
---------------+----------------+-----
Stealth        | 5 6 |  6.2
Short Blades   | 2 |  2.0
Hexes          | 5 |  5.9
Ice Magic      | 1 |  1.0
Dodging        | 3 |  3.8
Fighting       | 1 |  1.7
Spellcasting   | 3 |  3.1

Action                   |  1- 3 |  4- 6 || total
-------------------------+-------+-------++-------
Melee: Dagger            |   127 |    94 ||   221
       Bite              |     5 |     7 ||    12
 Cast: Ensorcelled Hiber |    18 |    28 ||    46
       Confusing Touch   |       |     2 ||     2
 Abil: Bat Form          |       |     2 ||     2
       End Transformatio |       |     1 ||     1
       Exsanguinate      |       |     1 ||     1
 Stab: Sleeping          |    16 |    28 ||    44
       Confused          |       |     3 ||     3
Armor: Robe              |    20 |     8 ||    28
       Leather armour    |       |     3 ||     3
Dodge: Dodged            |   105 |    65 ||   170

Table legend: (Time is in decaauts)
 A = Elapsed time spent in this place.
 B = Non-inter-level travel time spent in this place.
 C = Inter-level travel time spent in this place.
 D = Time resting spent in this place.
 E = Time spent auto-exploring this place.
 F = Levels seen in this place.
 G = Mean time per level.
                   A        B        C        D        E       F      G
               +--------+--------+--------+--------+--------+-----+--------+
         Total |   3405 |   3291 |    114 |    787 |   1326 |   4 |  851.2 |
       Dungeon |   3405 |   3291 |    114 |    787 |   1326 |   4 |  851.2 |
               +--------+--------+--------+--------+--------+-----+--------+
